 Dungeon Crawl Stone Soup version 0.31-a0-152-g6aa68a64a1 (webtiles) character file.

Game seed: 13108110126951914190

403 rapeowns the Magician (level 6, -4/44 HPs)
             Began as a Gnoll Hedge Wizard on June 10, 2023.
             Was a Believer of Cheibriados.
             Slain by a gnoll sergeant
             ... wielding a +0 spear of venom
              (10 damage)
             ... on level 5 of the Dungeon.
             The game lasted 00:05:23 (4477 turns).

rapeowns the Magician (Gnoll Hedge Wizard)          Turns: 4477, Time: 00:05:23

Health: -4/44      AC:  6    Str: 14    XL:     6   Next: 86%
Magic:  14/16      EV: 14    Int: 20    God:    Cheibriados [**....]
Gold:   256        SH:  5    Dex: 17    Spells: 14/20 levels left

rFire   . . .        m - +0 broad axe
rCold   . . .        l - +0 buckler
rNeg    . . .        b - +0 robe
rPois   .            s - +0 helmet
rElec   .            (no cloak)
rCorr   .            (no gloves)
SInv    .            i - +2 pair of boots
Will    .....        (no amulet)
Stlth   +++          (no ring)
HPRegen 0.27/turn    (no ring)
MPRegen 0.15/turn

%: no passive effects
@: lethally poisoned (-4 -> -14), very slow
A: fangs 1, strong nose, distributed training
a: Renounce Religion, Bend Time


You were on level 5 of the Dungeon.
You worshipped Cheibriados.
Cheibriados was pleased with you.
You visited 1 branch of the dungeon, and saw 5 of its levels.

You collected 256 gold pieces.

Inventory:

Hand Weapons
 m - a +0 broad axe (weapon)
Armour
 b - a +0 robe (worn)
 i - a +2 pair of boots (worn)
 l - a +0 buckler (worn)
 s - a +0 helmet (worn)
Scrolls
 a - 3 scrolls of fear {unknown}
 c - a scroll of enchant armour {unknown}
 f - 4 scrolls of identify {unknown}
 g - 3 scrolls of blinking {unknown}
 j - a scroll of silence {unknown}
 k - a scroll of fog {unknown}
 o - 2 scrolls of noise {unknown}
 q - a scroll of teleportation {unknown}
Potions
 d - a potion of magic
 e - a potion of heal wounds {unknown}
 h - 4 potions of haste {unknown}
 n - a potion of ambrosia {unknown}
 p - 2 potions of curing {unknown}
 r - 2 potions of attraction {unknown}


   Skills:
 + Level 2.2 Fighting
 + Level 2.2 Short Blades
 + Level 2.2 Long Blades
 + Level 2.2 Axes
 + Level 2.2 Maces & Flails
 + Level 2.2 Polearms
 + Level 2.2 Staves
 + Level 2.2 Ranged Weapons
 + Level 2.2 Throwing
 + Level 2.2 Armour
 + Level 5.1 Dodging
 + Level 4.7 Stealth
 + Level 2.2 Shields
 + Level 2.2 Unarmed Combat
 + Level 7.5 Spellcasting
 + Level 2.8 Conjurations
 + Level 1.8 Hexes
 + Level 2.8 Summonings
 + Level 1.8 Necromancy
 + Level 2.8 Translocations
 + Level 1.8 Transmutations
 + Level 1.8 Fire Magic
 + Level 1.8 Ice Magic
 + Level 1.8 Air Magic
 + Level 1.8 Earth Magic
 + Level 1.8 Poison Magic
 + Level 2.4 Invocations
 + Level 2.2 Evocations


You had 14 spell levels left.
You knew the following spells:

 Your Spells              Type           Power      Damage    Failure   Level
a - Magic Dart            Conj           72%        1d6       3%          1
b - Blink                 Tloc           36%        N/A       6%          2
c - Mephitic Cloud        Conj/Pois/Air  16%        N/A       16%         3

Your spell library contained the following spells:

 Spells                   Type           Power      Damage    Failure   Level
 Slow                     Hex            56%        N/A       6%          1
 Call Imp                 Summ           36%        N/A       6%          2
 Cigotuvi's Dreadful Rot  Necr/Pois/Air  28%        N/A       9%          2


Dungeon Overview and Level Annotations

Branches:
Dungeon (5/15)
 Temple: D:4-7

Altars:
Cheibriados
Elyvilon
Nemelex Xobeh
Qazlal

Shops:
D:2 (


Innate Abilities, Weirdness & Mutations

You have very sharp teeth.
Your uncanny sense of smell can sniff out nearby items.
Your experience applies equally to all skills.


Message History

Unknown command.
Unknown command.
Unknown command.
You strike the helpless gnoll sergeant from behind!
You slash the gnoll sergeant!
The gnoll sergeant is almost dead.
You barely miss the phantom.
You feel sick.
The gnoll sergeant seems less confused.
The phantom hits you but does no damage.
The gnoll misses you. The gnoll sergeant misses you.
Unknown command.
You hit the gnoll sergeant.
The gnoll sergeant is almost dead.
You slash the phantom!
You feel sick. The phantom hits you. The gnoll closely misses you.
The phantom hits you but does no damage.
The gnoll closely misses you. The gnoll sergeant closely misses you.
Unknown command.
Unknown command.
You completely miss the gnoll sergeant. Your bite misses the gnoll sergeant.
The gnoll sergeant is almost dead.
You hit the gnoll. You completely miss the phantom.
You feel sick. The phantom barely misses you. The gnoll misses you. x2
The gnoll sergeant misses you.
Unknown command.
Unknown command.
Unknown command.
You closely miss the gnoll sergeant.
The gnoll sergeant is almost dead.
You hit the gnoll. You closely miss the phantom.
You feel sick.
You are no longer poisoned.
The phantom barely misses you. The gnoll misses you. x2
The gnoll sergeant hits you with a +0 spear of venom.
* * * LOW HITPOINT WARNING * * *
You are poisoned.
The phantom completely misses you.
The gnoll hits you from afar with a +0 spear.
* * * LOW HITPOINT WARNING * * *
The gnoll sergeant hits you with a +0 spear of venom!
You die...

.# .# ## ... ..
#.# #. #.#
####.. #.#
.....g##W######
#...g@.......
#.###g.#####.
#.<# #..# ∆
#... #.### #.#
#.. ... ∆


You could see a phantom, a gnoll sergeant (poisoned) and 2 gnolls.

Vanquished Creatures
  A black bear (D:3)
  A phantom (D:4)
  An iguana (D:4)
  An orc wizard (D:4)
  A gnoll (D:5)
  9 adders
  An ufetubus (D:5)
  2 dart slugs
  A worm (D:2)
  3 orcs (D:4)
  2 endoplasms
  6 giant cockroaches
  5 goblins
  10 hobgoblins
  9 jackals
  4 quokkas
  3 ball pythons
  7 bats
  3 frilled lizards (D:1)
  10 kobolds
  6 rats
86 creatures vanquished.

Notes
Turn   | Place    | Note
-------+----------+-------------------------------------------
     0 | D:1      | rapeowns the Gnoll Hedge Wizard began the quest for the
                  | Orb.
     0 | D:1      | Reached XP level 1. HP: 13/13 MP: 8/8
   289 | D:1      | Reached XP level 2. HP: 19/19 MP: 6/10
  1060 | D:1      | Reached XP level 3. HP: 25/25 MP: 4/11
  1286 | D:2      | Reached skill level 1 in Invocations
  1427 | D:2      | Identified the +0 chain mail of Fiel {rF+}
  1523 | D:2      | Found Coixes's Antique Weapon Boutique.
  1749 | D:2      | Reached skill level 1 in Fighting
  1749 | D:2      | Reached skill level 1 in Short Blades
  1749 | D:2      | Reached skill level 1 in Long Blades
  1749 | D:2      | Reached skill level 1 in Axes
  1749 | D:2      | Reached skill level 1 in Maces & Flails
  1749 | D:2      | Reached skill level 1 in Polearms
  1749 | D:2      | Reached skill level 1 in Staves
  1749 | D:2      | Reached skill level 1 in Ranged Weapons
  1749 | D:2      | Reached skill level 1 in Throwing
  1749 | D:2      | Reached skill level 1 in Armour
  1749 | D:2      | Reached skill level 1 in Shields
  1749 | D:2      | Reached skill level 1 in Unarmed Combat
  1749 | D:2      | Reached skill level 1 in Evocations
  1851 | D:2      | Learned a level 2 spell: Blink
  1855 | D:2      | Learned a level 3 spell: Mephitic Cloud
  2241 | D:2      | Found a faded altar of an unknown god.
  2244 | D:2      | Prayed at the altar of an unknown god.
  2244 | D:2      | Became a worshipper of Cheibriados the Contemplative
  2244 | D:2      | Reached * piety under Cheibriados
  2269 | D:2      | Reached XP level 4. HP: 32/32 MP: 11/13
  2667 | D:3      | Reached skill level 1 in Hexes
  2667 | D:3      | Reached skill level 1 in Necromancy
  2667 | D:3      | Reached skill level 1 in Transmutations
  2667 | D:3      | Reached skill level 1 in Fire Magic
  2667 | D:3      | Reached skill level 1 in Ice Magic
  2667 | D:3      | Reached skill level 1 in Air Magic
  2667 | D:3      | Reached skill level 1 in Earth Magic
  2667 | D:3      | Reached skill level 1 in Poison Magic
  2810 | D:3      | Noticed a black bear
  2824 | D:3      | Killed a black bear
  2825 | D:3      | Reached XP level 5. HP: 37/37 MP: 10/14
  2920 | D:3      | Found a white marble altar of Elyvilon.
  3027 | D:3      | Reached ** piety under Cheibriados
  3435 | D:4      | Reached XP level 6. HP: 37/44 MP: 16/16
  3479 | D:4      | Reached skill level 5 in Dodging
  3572 | D:4      | Found a sparkling altar of Nemelex Xobeh.
  3854 | D:4      | Found a stormy altar of Qazlal.
  4467 | D:5      | Entered Level 5 of the Dungeon
  4477 | D:5      | Slain by a gnoll sergeant

Illustrated notes

Levels and vault maps discovered:
D:1:      lemuel_arrival_rhombus, layout_basic
D:2:      layout_basic, shapermc_ecumenical_altar_mp_vishouse, serial_shops,
          nicolae_shop_stone
D:3:      layout_loops_corners, mainiacjoe_overflow_tiny_flanked
D:4:      layout_basic, general_overflow_altar, nemelex_spade_bored_becter,
          grunt_ministairs_7
D:5:      layout_loops_ring, xom_butterflies, temple_hall

Skill      XL: |  1  2  3  4  5  6 |
---------------+-------------------+-----
Conjurations   | 2 |  2.8
Summonings     | 2 |  2.8
Translocations | 2 |  2.8
Invocations    | 1 2 |  2.4
Fighting       | 1 2 |  2.2
Short Blades   | 1 2 |  2.2
Long Blades    | 1 2 |  2.2
Axes           | 1 2 |  2.2
Maces & Flails | 1 2 |  2.2
Polearms       | 1 2 |  2.2
Staves         | 1 2 |  2.2
Ranged Weapons | 1 2 |  2.2
Throwing       | 1 2 |  2.2
Armour         | 1 2 |  2.2
Shields        | 1 2 |  2.2
Unarmed Combat | 1 2 |  2.2
Evocations     | 1 2 |  2.2
Hexes          | 1 |  1.8
Necromancy     | 1 |  1.8
Transmutations | 1 |  1.8
Fire Magic     | 1 |  1.8
Ice Magic      | 1 |  1.8
Air Magic      | 1 |  1.8
Earth Magic    | 1 |  1.8
Poison Magic   | 1 |  1.8
Dodging        | 5 |  5.1
Stealth        | |  4.7
Spellcasting   | |  7.5

Action                     |  1- 3 |  4- 6 || total
---------------------------+-------+-------++-------
  Melee: Dagger            |    32 |       ||    32
         Bite              |     5 |     6 ||    11
         Broad axe         |       |    69 ||    69
   Cast: Magic Dart        |   111 |    63 ||   174
         Mephitic Cloud    |       |     3 ||     3
   Stab: Confused          |       |     6 ||     6
 Armour: Robe              |    16 |    27 ||    43
  Dodge: Dodged            |    28 |    77 ||   105
  Block: Buckler           |       |    24 ||    24

Table legend: (Time is in decaauts)
 A = Elapsed time spent in this place.
 B = Non-inter-level travel time spent in this place.
 C = Inter-level travel time spent in this place.
 D = Time resting spent in this place.
 E = Time spent auto-exploring this place.
 F = Levels seen in this place.
 G = Mean time per level.
                   A        B        C        D        E       F      G
               +--------+--------+--------+--------+--------+-----+--------+
         Total |   5268 |   5129 |    139 |      0 |   4575 |   5 | 1053.6 |
       Dungeon |   5268 |   5129 |    139 |      0 |   4575 |   5 | 1053.6 |
               +--------+--------+--------+--------+--------+-----+--------+

Top non-repeatable levels by time:
     D:4: 1466 daAuts
     D:3: 1384 daAuts
     D:1: 1232 daAuts
     D:2: 1171 daAuts
     D:5: 13 daAuts
